General information
			
			
        
        - name: Local Game (TIMG4STRok)
 
        - type: Custom game
 
        - host: TIMG4STRok
 
        - saver: TIMG4STRok
 
        
map: TerenasStand 
        - players: 3
 
        - length: 22:39
 
        - speed: Fast
 - version: 1.22 W3XP
 - replay type:  

 
» download(167 KB)
Players
        team 1 (winner) 
              
              
» 
TIMG4STRok (
gray | 172 APM | 3907 actions | 22:39)
              
 4 Blademaster 
 2 Wind Walk
 2 Critical Strike
 5 Shadow Hunter 
 2 Hex
 3 Healing Wave
 
                » actions 
                
                | Assign group hotkey | 29 |  | 
| Basic commands | 104 |  | 
| Build / train | 66 |  | 
| ESC pressed | 1 |  | 
| Enter build submenu | 24 |  | 
| Enter hero's abilities submenu | 9 |  | 
| Give item / drop item | 11 |  | 
| Right click | 1767 |  | 
| Select / deselect | 321 |  | 
| Select group hotkey | 1450 |  | 
| Use ability | 125 |  | 
                3907 total
 » units 
                
                | Peon | 10 |  | 
| Grunt | 5 |  | 
| Raider | 5 |  | 
| Troll Batrider | 2 |  | 
| Wind Rider | 5 |  | 
                27 total
 » upgrades
                
                | Ensnare | 1 |  | 
| Pillage | 1 |  | 
| Ranged Weapons | 2 |  | 
| Armor | 1 |  | 
| Envenomed Spears | 1 |  | 
| Reinforced Defenses | 1 |  | 
                7 total
 » buildings
                
                | Altar of Storms | 1 |  | 
| Orc Burrow | 6 |  | 
| Barracks | 2 |  | 
| Stronghold | 1 |  | 
| Voodoo Lounge | 1 |  | 
| Beastiary | 2 |  | 
| War Mill | 1 |  | 
| Fortress | 1 |  | 
| Watch Tower | 8 |  | 
| Great Hall | 1 |  | 
                24 total
 » build order
                00:03 Altar of Storms
00:13 Orc Burrow
00:39 Barracks
00:42 Barracks
01:25 Orc Burrow
02:38 Stronghold
02:48 Voodoo Lounge
03:42 Orc Burrow
03:45 Orc Burrow
05:03 Beastiary
05:52 Beastiary
05:54 Orc Burrow
09:43 Orc Burrow
09:45 War Mill
12:09 Fortress
14:19 Watch Tower
14:21 Watch Tower
14:21 Watch Tower
15:05 Great Hall
15:07 Watch Tower
15:10 Watch Tower
15:59 Watch Tower
16:18 Watch Tower
16:20 Watch Tower
» items
                
                | Lesser Clarity Potion | 6 |  | 
| Healing Salve | 3 |  | 
| Scroll of Speed | 1 |  | 
| Scroll of Healing | 2 |  | 
| Scroll of Protection | 1 |  | 
| Potion of Lesser Invulnerability | 1 |  | 
| Potion of Mana | 2 |  | 
| Scroll of Town Portal | 1 |  | 
| Orb of Lightning | 1 |  | 
| Dust of Appearance | 1 |  | 
                19 total
  
               team 2 (loser) 
              
              
CJAYISTHEMAN (
blue | 237 APM | 5362 actions | 22:38)
              
 4 Death Knight 
 2 Death Coil
 2 Unholy Aura
 3 Lich 
 2 Frost Nova
 1 Dark Ritual
 
                » actions 
                
                | Assign group hotkey | 60 |  | 
| Basic commands | 266 |  | 
| Build / train | 101 |  | 
| Enter build submenu | 21 |  | 
| Enter hero's abilities submenu | 7 |  | 
| Give item / drop item | 3 |  | 
| Remove unit from queue | 10 |  | 
| Right click | 1839 |  | 
| Select / deselect | 589 |  | 
| Select group hotkey | 2336 |  | 
| Use ability | 130 |  | 
                5362 total
 » units 
                
                | Acolyte | 7 |  | 
| Ghoul | 17 |  | 
| Gargoyle | -1 |  | 
| Obsidian Statue | 8 |  | 
| Crypt Fiend | 6 |  | 
                37 total
 » upgrades
                
                | Destroyer Form | 2 |  | 
| Ghoul Frenzy | 1 |  | 
| Web | 1 |  | 
                4 total
 » buildings
                
                | Crypt | 3 |  | 
| Altar of Darkness | 1 |  | 
| Ziggurat | 6 |  | 
| Tomb of Relics | 1 |  | 
| Nerubian Tower | 1 |  | 
| Halls of the Dead | 2 |  | 
| Graveyard | 1 |  | 
| Black Citadel | 3 |  | 
| Slaughterhouse | 2 |  | 
| Sacrificial Pit | 1 |  | 
| Boneyard | 1 |  | 
                22 total
 » build order
                00:05 Crypt
00:07 Crypt
00:08 Altar of Darkness
00:23 Ziggurat
01:07 Tomb of Relics
01:26 Ziggurat
02:25 Nerubian Tower
03:16 Halls of the Dead
03:17 Halls of the Dead
03:58 Graveyard
04:23 Ziggurat
05:45 Black Citadel
05:45 Black Citadel
05:45 Black Citadel
05:49 Slaughterhouse
08:01 Sacrificial Pit
09:35 Slaughterhouse
10:33 Boneyard
10:46 Crypt
11:10 Ziggurat
14:32 Ziggurat
16:56 Ziggurat
» items
                
                | Rod of Necromancy | 3 |  | 
| Dust of Appearance | 1 |  | 
| Boots of Speed | 1 |  | 
| Potion of Healing | 3 |  | 
| Orb of Corruption | 3 |  | 
| Scroll of Town Portal | 1 |  | 
| Scroll of Healing | 2 |  | 
| Potion of Lesser Invulnerability | 6 |  | 
                20 total
  
               refereesBetrayed. Chat log
          (00:06 / All) TIMG4STRok: gg gl
(00:12 / All) CJAYISTHEMAN: gl
(00:16 / All) Betrayed.: 0-2?
(00:22 / All) TIMG4STRok: doubt
(00:23 / All) TIMG4STRok: it
(00:47 / All) CJAYISTHEMAN: ggc was btter
(06:17 / All) Betrayed.: jay u use to be my hero
(06:27 / All) Betrayed.: now its just moon
(10:28 / All) CJAYISTHEMAN: Wtf
(10:33 / All) Betrayed.: lol
(10:36 / All) Betrayed.: lmao
(12:29 / All) Betrayed.: jay lucy called
(12:35 / All) Betrayed.: he said stop playin
(12:38 / All) Betrayed.: afk
(12:49 / All) CJAYISTHEMAN: vick ur dad called
(12:53 / All) CJAYISTHEMAN: lube up ur ass
(12:57 / All) Betrayed.: g1
(13:00 / All) Betrayed.: original
(22:37 / All) CJAYISTHEMAN: Gg
(22:38 / All) CJAYISTHEMAN: wp